 Dungeon Crawl Stone Soup version 0.22-a0-109-gbeb7240 (webtiles) character file.

628 KristoblXynda the Ruffian (level 7, -2/70 HPs)
             Began as a Troll Monk on Jan 26, 2018.
             Slain by an iguana (13 damage)
             ... on level 5 of the Dungeon.
             The game lasted 00:05:13 (3881 turns).

KristoblXynda the Ruffian (Troll Monk)              Turns: 3881, Time: 00:05:14

Health: -2/70      AC:  5    Str: 20    XL:     7   Next: 23%
Magic:  6/6        EV: 11    Int:  8    God:
Gold:   146        SH:  0    Dex: 12    Spells: 6/6 levels left

rFire    . . .     SeeInvis .     - Unarmed
rCold    . . .     Gourm    +   (no shield)
rNeg     . . .     Faith    .   a - +0 robe
rPois    .         Spirit   .   (helmet restricted)
rElec    .         Reflect  .   (no cloak)
rCorr    .         Harm     .   (gloves unavailable)
MR       +....                  (boots unavailable)
Stlth    ++........             (no amulet)
HPRegen  0.61/turn              k - ring of protection from magic
MPRegen  0.10/turn              (no ring)

@: no status effects
A: large, unfitting armour, claws 3, fast metabolism 3, gourmand, regeneration
1, shaggy fur 1, tough skin 2
a: no special abilities


You were on level 5 of the Dungeon.
You were not hungry.

You visited 1 branch of the dungeon, and saw 5 of its levels.

You collected 146 gold pieces.

Inventory:

Armour
 a - a +0 robe (worn)
Jewellery
 k - a ring of protection from magic (left claw)
Scrolls
 c - 4 scrolls of teleportation {unknown}
 f - 2 scrolls of immolation {unknown}
 g - a scroll of fear {unknown}
 i - 4 scrolls of magic mapping {unknown}
 j - 4 scrolls of remove curse {unknown}
 l - 4 scrolls of identify {unknown}
 m - a scroll of random uselessness {unknown}
 n - a scroll of noise {unknown}
Potions
 d - a potion of magic {unknown}
 e - a potion of lignification {unknown}
 h - 5 potions of curing {unknown}
 p - a potion of mutation {unknown}
 q - a potion of haste {unknown}
 r - a potion of brilliance {unknown}
Books
 o - a book of Misfortune

   Spells                             Type                      Level
   a - Confusing Touch                Hexes                        1
   b - Confuse                        Hexes                        3
   c - Gell's Gravitas                Translocation                3
   d - Petrify                        Transmutation/Earth          4
   e - Metabolic Englaciation         Hexes/Ice                    5
   f - Yara's Violent Unravelling     Hexes/Transmutation          5
Comestibles
 b - 10 rations


   Skills:
 + Level 4.0 Fighting
 + Level 4.0 Dodging
 - Level 1.0 Stealth
 * Level 6.3 Unarmed Combat


You had 6 spell levels left.
You didn't know any spells.

Dungeon Overview and Level Annotations

Branches:
Dungeon (5/15)
 Temple: D:4-7

Altars:
Nemelex Xobeh
Ru
Trog
Wu Jian


Innate Abilities, Weirdness & Mutations

You are too large for most types of armour.
You have claws for hands.
Your metabolism is lightning-fast.
You like to eat raw meat.
Your natural rate of healing is unusually fast.
You are covered in fur. (AC +1)
You have very tough skin. (AC +2)


Message History

* * * LOW HITPOINT WARNING * * *
You scratch the gnoll.
The gnoll is moderately wounded.
The gnoll barely misses you.
You claw the gnoll!
You kill the gnoll!
The hound bites you but does no damage.
You barely miss the hound. The hound barely misses you.
You claw the hound!
The hound is severely wounded.
The hound completely misses you.
You claw the hound!
You kill the hound!
You scratch the iguana but do no damage.
The iguana bites you!
* * * LOW HITPOINT WARNING * * *
You scratch the iguana.
The iguana is moderately wounded.
The iguana bites you!
You die...

#.# #.# #.#
#.# #.# #.#
.. #)# #..
#)# #.. #@#
#.# #l#
#..###.####
#........#
###......#
#......#
#......#
#####......#
#..........#


You could see an iguana.

Vanquished Creatures
  Menkaure (D:4)
  A scorpion (D:2)
  A howler monkey (D:4)
  2 hounds
  A centaur skeleton (D:5)
  A gnoll shaman (D:5)
  An orc priest (D:3)
  An orc wizard (D:3)
  An iguana (D:4)
  5 gnolls (D:5)
  8 adders
  An adder skeleton (D:5)
  3 worms
  A dart slug (D:1)
  A leopard gecko (D:4)
  12 orcs
  3 ball pythons
  5 bats
  6 giant cockroaches
  7 goblins
  5 hobgoblins
  11 kobolds
  2 quokkas (D:3)
  8 frilled lizards
  A leopard gecko skeleton (D:4)
  5 rats
  A bush (D:1)
95 creatures vanquished.

Notes
Turn   | Place    | Note
-------+----------+-------------------------------------------
     0 | D:1      | KristoblXynda the Troll Monk began the quest for the Orb.
     0 | D:1      | Reached XP level 1. HP: 22/22 MP: 0/0
   212 | D:1      | Reached XP level 2. HP: 29/29 MP: 1/1
   881 | D:2      | Reached XP level 3. HP: 30/36 MP: 2/2
   971 | D:2      | Found a sparkling altar of Nemelex Xobeh.
  1174 | D:2      | Found a sacrificial altar of Ru.
  1375 | D:2      | Noticed a scorpion
  1383 | D:2      | Killed a scorpion
  1383 | D:2      | Reached skill level 4 in Unarmed Combat
  1383 | D:2      | Reached XP level 4. HP: 28/45 MP: 3/3
  1571 | D:2      | Found a bloodstained altar of Trog.
  1965 | D:3      | Reached XP level 5. HP: 17/53 MP: 4/4
  2424 | D:3      | Reached skill level 5 in Unarmed Combat
  2828 | D:3      | Found an ornate altar of the Wu Jian Council.
  3064 | D:4      | Reached XP level 6. HP: 56/61 MP: 5/5
  3086 | D:4      | Noticed Menkaure
  3095 | D:4      | Killed Menkaure
  3753 | D:5      | Entered Level 5 of the Dungeon
  3779 | D:5      | Reached skill level 6 in Unarmed Combat
  3779 | D:5      | Reached XP level 7. HP: 58/68 MP: 6/6
  3881 | D:5      | Slain by an iguana

Vault maps used:
D:1:      giann_forest_graveyard, minmay_misc_feat_tower, minmay_hedge_maze
D:2:      lightli_temple_of_fire, lemuel_doored_altar, serial_glass,
          glass_columns_a, glass_columns_b, chequers_big_river,
          nicolae_ru_sacrificial_ziggurat
D:3:      lemuel_coloured_pillars_altar
D:4:      first_ration, uniq_menkaure
D:5:      nicolae_dithmenos_shadow_blocks, minmay_temple_entry_steel_oval,
          serial_shops, kennysheep_mini

Skill      XL: |  1  2  3  4  5  6  7 |
---------------+----------------------+-----
Fighting       | 3 4 |  4.0
Dodging        | 3 4 |  4.0
Unarmed Combat | 4 5 6 |  6.3
Stealth        | |  1.0

Action                   |  1- 3 |  4- 6 |  7- 9 || total
-------------------------+-------+-------+-------++-------
Melee: Unarmed           |   131 |   151 |    30 ||   312
       Punch             |     7 |     4 |       ||    11
 Stab: Sleeping          |     3 |     3 |       ||     6
  Eat: Chunk             |    15 |    21 |       ||    36
Armor: Robe              |    31 |    39 |     6 ||    76
Dodge: Dodged            |    48 |    82 |    16 ||   146

Table legend:
 A = Spawn XP
 B = Non-spawn XP
 C = Spawn XP percentage of total XP
 D = Spawn monster count
 E = Non-spawn monster count
 F = Spawn count percentage of total count
 G = Total turns spent on level
                    A         B        C        D         E        F      G
               +---------+---------+-------+---------+---------+-------+---------
         Total |       0 |     898 |   0.0 |       0 |      94 |   0.0 |  3881
               +---------+---------+-------+---------+---------+-------+---------
           D:1 |       0 |      34 |   0.0 |       0 |      20 |   0.0 |   865
           D:2 |       0 |     128 |   0.0 |       0 |      16 |   0.0 |  1056
           D:3 |       0 |     190 |   0.0 |       0 |      38 |   0.0 |  1058
           D:4 |       0 |     343 |   0.0 |       0 |      11 |   0.0 |   774
           D:5 |       0 |     203 |   0.0 |       0 |       9 |   0.0 |   128
               +---------+---------+-------+---------+---------+-------+---------
